 Dungeon Crawl Stone Soup version 0.28-b1-1-g3c77fb2ed1 (webtiles) character file.

Game seed: 16645368812115237837

3263 McKennaii the Destroyer (level 9, -11/93 HPs)
             Began as a Demigod Conjurer on Jan 28, 2022.
             Mangled by an orc warrior (21 damage)
             ... in a bailey.
             The game lasted 00:10:42 (6943 turns).

McKennaii the Destroyer (Demigod Conjurer)          Turns: 6943, Time: 00:10:42

Health: -11/93     AC:  3    Str:  8    XL:     9   Next: 41%
Magic:  19/21      EV: 12    Int: 38    God:
Gold:   570        SH:  0    Dex: 12    Spells: 7/20 levels left

rFire   . . .      SeeInvis .   t - +5 falchion
rCold   + . .      Faith    .   (no shield)
rNeg    . . .      Spirit   .   a - +0 robe
rPois   .          Reflect  .   j - +0 helmet
rElec   .          Harm     .   (no cloak)
rCorr   .          Rampage  .   (no gloves)
Will    .....                   (no boots)
Stlth   ..........              m - amulet of magic regeneration
HPRegen 0.25/turn               q - +6 ring of intelligence
MPRegen 0.57/turn               p - ring of protection from cold

@: berserking (expiring), lethally poisoned (-11 -> -14), slowed
A: high mp 1, forlorn, divine attributes
a: no special abilities


You were in a bailey.
You visited 1 branch of the dungeon, and saw 7 of its levels.
You also visited: Bailey.

You collected 570 gold pieces.

Inventory:

Hand Weapons
 t - a +5 falchion (weapon)
Armour
 a - a +0 robe (worn)
 j - a +0 helmet (worn)
Jewellery
 m - an amulet of magic regeneration (around neck)
 o - a +6 ring of strength
 p - a ring of protection from cold (right hand)
 q - a +6 ring of intelligence (left hand)
Wands
 l - a wand of iceblast (3)
 y - a wand of mindburst (19)
Scrolls
 b - 8 scrolls of identify {unknown}
 e - a scroll of amnesia {unknown}
 f - a scroll of torment {unknown}
 g - a scroll of enchant armour {unknown}
 h - a scroll of enchant weapon {unknown}
 k - a scroll of holy word {unknown}
 n - 2 scrolls of immolation {unknown}
 s - a scroll of fog {unknown}
 u - a scroll of teleportation {unknown}
 x - a scroll of magic mapping {unknown}
Potions
 d - a potion of attraction {unknown}
 i - a potion of degeneration {unknown}
 r - a potion of ambrosia {unknown}
 v - a potion of heal wounds {unknown}
 w - 2 potions of magic


   Skills:
 - Level 1.7 Dodging
 - Level 1.7 Stealth
 - Level 6.0 Spellcasting
 + Level 9.2 Conjurations
 + Level 6.4 Summonings
 - Level 2.0 Translocations


You had 7 spell levels left.
You knew the following spells:

 Your Spells              Type           Power      Damage    Failure   Level
a - Magic Dart            Conj           100%       1d8       1%          1
b - Searing Ray           Conj           100%       2d8       1%          2
c - Iskenderun's Mystic   Conj/Tloc      52%        2d11      3%          4
v - Summon Cactus Giant   Summ           28%        N/A       32%         6

Your spell library contained the following spells:

 Spells                   Type           Power      Damage    Failure   Level
 Dazzling Flash           Conj/Hex       92%        N/A       1%          3
 Scorch                   Fire           22%        2d6       4%          2
 Flame Wave               Conj/Fire      46%        2d10      4%          4
 Fulminant Prism          Conj/Hex       23%        3d13      4%          4


Dungeon Overview and Level Annotations

Branches:
Dungeon (7/15)             Temple (0/1) D:7          Bailey (1/1)


Innate Abilities, Weirdness & Mutations

You have an increased reservoir of magic. (+10% MP)
You shall have no god before yourself.
Your divine heritage dramatically boosts your attributes as you level up.


Message History

You kill the kobold brigand!
The mystic blast hits the kobold brigand!
You kill the kobold brigand!
The mystic blast hits the kobold brigand!
You kill the kobold brigand!
You hear a shout!
The orc warrior throws a datura-tipped dart.
The datura-tipped dart hits you.
A red film seems to cover your vision as you go berserk!
You feel yourself moving faster!
You feel mighty!
Your Conjurations skill increases to level 9!
Unknown command.
Unknown command.
An orc warrior comes into view. It is wielding a +0 war axe.
The kobold brigand shouts!
The kobold brigand barely misses you.
You miss the kobold brigand.
The kobold brigand is almost dead.
You closely miss the kobold brigand.
The kobold brigand is almost dead.
The kobold brigand hits you with a +0 war axe!
You slash the kobold brigand!
You kill the kobold brigand!
The kobold brigand throws a curare-tipped dart.
The curare-tipped dart hits you.
You are poisoned.
You have difficulty breathing.
You feel yourself slow down.
You barely miss the orc warrior.
You feel very sick.
The orc warrior hits you with a +0 war axe!!
* * * LOW HITPOINT WARNING * * *
You hit the orc warrior.
The orc warrior is lightly wounded.
You feel sick.
You completely miss the kobold brigand.
You feel sick. The orc warrior barely misses you.
The kobold brigand hits you with a +0 war axe!
* * * LOW HITPOINT WARNING * * *
The orc warrior hits you with a +0 war axe!!
You die...

.K...........
............
..K........
........ ......
.o.# ###K###
##.@o..##
#.))8...#
#∩.....∩#
##.....##
####'''####
##≈.......≈#
#####≈≈.......≈≈#
#....≈≈.......≈≈.
#.###≈≈.......≈≈#


You could see 2 orc warriors and a kobold brigand.

Vanquished Creatures
  A two-headed ogre (D:7)
  Menkaure (D:4)
  2 water moccasins
  An orc warrior (Bailey)
  An ice beast (D:5)
  An ogre (D:6)
  A necrophage (D:5)
  2 phantoms
  8 kobold brigands
  2 bullfrogs (D:6)
  3 scorpions (D:6)
  5 killer bees (D:7)
  3 wights (D:4)
  2 jellies
  A hound (D:5)
  An orc priest (D:5)
  A gnoll shaman (D:5)
  A centaur skeleton (D:6)
  Jessica (D:2)
  3 iguanas
  2 orc wizards (D:4)
  2 hound skeletons (D:4)
  Robin (D:2)
  7 gnolls (D:5)
  7 adders
  2 shadow imps
  A white imp (D:7)
  An adder skeleton (D:4)
  A worm (D:2)
  3 dart slugs
  18 orcs
  7 bats
  8 endoplasms
  6 giant cockroaches
  13 goblins
  9 hobgoblins
  2 jackals
  10 quokkas
  7 ball pythons
  5 frilled lizards
  18 kobolds
  4 rats
  A spectral orc (D:6)
176 creatures vanquished.

Notes
Turn   | Place    | Note
-------+----------+-------------------------------------------
     0 | D:1      | McKennaii the Demigod Conjurer began the quest for the Orb.
     0 | D:1      | Reached XP level 1. HP: 14/14 MP: 5/5
   378 | D:1      | Reached XP level 2. HP: 20/20 MP: 5/7
   574 | D:1      | Reached skill level 4 in Conjurations
  1243 | D:2      | Reached XP level 3. HP: 18/26 MP: 3/9
  1246 | D:2      | Learned a level 2 spell: Searing Ray
  1977 | D:2      | Noticed Jessica
  1980 | D:2      | Killed Jessica
  1981 | D:2      | Reached XP level 4. HP: 33/33 MP: 7/11
  2236 | D:2      | Noticed Robin
  2245 | D:2      | Killed Robin
  2596 | D:2      | Learned a level 4 spell: Iskenderun's Mystic Blast
  3428 | D:4      | Reached skill level 5 in Conjurations
  3428 | D:4      | Reached XP level 5. HP: 37/38 MP: 10/13
  3462 | D:4      | Noticed Menkaure
  3469 | D:4      | Killed Menkaure
  3470 | D:4      | Reached XP level 6. HP: 45/45 MP: 8/15
  4002 | D:4      | Reached skill level 6 in Conjurations
  4039 | D:4      | Reached skill level 5 in Spellcasting
  4039 | D:4      | Reached XP level 7. HP: 38/50 MP: 11/17
  4118 | D:4      | Learned a level 6 spell: Summon Cactus Giant
  4620 | D:5      | Entered Level 5 of the Dungeon
  4661 | D:5      | Reached skill level 1 in Summonings
  4661 | D:5      | Reached skill level 1 in Translocations
  5506 | D:6      | Reached XP level 8. HP: 57/57 MP: 16/20
  5532 | D:6      | Reached skill level 7 in Conjurations
  6227 | D:7      | Noticed a two-headed ogre
  6395 | D:7      | Found a staircase to the Ecumenical Temple.
  6435 | D:7      | Reached skill level 8 in Conjurations
  6465 | D:7      | Killed a two-headed ogre
  6466 | D:7      | Reached skill level 5 in Summonings
  6466 | D:7      | Reached XP level 9. HP: 35/62 MP: 6/21
  6479 | D:7      | Found a flagged portal.
  6579 | Bailey   | Entered a bailey
  6937 | Bailey   | Reached skill level 9 in Conjurations
  6943 | Bailey   | Mangled by an orc warrior

Illustrated notes

Levels and vault maps discovered:
D:1:      lightli_arrival_statue_moat, layout_loops_ring,
          dreamdust_ecumenical_altar_statues
D:2:      layout_loops_ring, uniq_robin, uniq_jessica
D:3:      layout_loops_cross
D:4:      layout_rooms, uniq_menkaure
D:5:      layout_rooms
D:6:      layout_loops_ring, yredelemnul_forgotten_temple_becter,
          minmay_misc_feat_nine_boxes
D:7:      layout_cave_pods, okawaru_ov_weapons_minmay,
          minmay_temple_entry_enclosed_plants, gammafunk_ghost_split,
          enter_bailey_5
Bailey:   bailey_axe_3, bailey

Skill      XL: |  1  2  3  4  5  6  7  8  9 |
---------------+----------------------------+-----
Spellcasting   | 2 3 4 5 6 |  6.0
Conjurations   | 4 5 6 8 9 |  9.2
Summonings     | 2 5 6 |  6.4
Translocations | 2 |  2.0
Dodging        | |  1.7
Stealth        | |  1.7

Action                   |  1- 3 |  4- 6 |  7- 9 || total
-------------------------+-------+-------+-------++-------
Melee: Falchion          |       |       |    11 ||    11
 Cast: Magic Dart        |    95 |    88 |   112 ||   295
       Searing Ray       |       |    18 |    36 ||    54
       Iskenderun's Myst |       |       |     7 ||     7
Evoke: Wand              |       |       |     2 ||     2
  Use: Potion            |       |       |     2 ||     2
Armor: Robe              |       |     7 |    11 ||    18
Dodge: Dodged            |     3 |    16 |    39 ||    58
